 Dungeon Crawl Stone Soup version 0.28.0-1-gb440e238dd (webtiles) character file.

Game seed: 9987387763713617402

149 vilexy the Conjurer (level 5, -3/28 HPs)
             Began as a Gargoyle Conjurer on Feb 20, 2022.
             Shot with an arrow by a centaur (5 damage)
             ... on level 3 of the Dungeon.
             The game lasted 00:07:38 (2998 turns).

vilexy the Conjurer (Gargoyle Conjurer)             Turns: 2998, Time: 00:07:39

Health: -3/28      AC:  7    Str: 10    XL:     5   Next: 31%
Magic:  5/10       EV: 11    Int: 21    God:
Gold:   125        SH:  0    Dex:  8    Spells: 8/11 levels left

rFire   . . .      SeeInvis .   o - +3 hand axe
rCold   . . .      Faith    .   (no shield)
rNeg    + . .      Spirit   .   a - +0 robe
rPois   ∞          Reflect  .   i - +0 helmet
rElec   +          Harm     .   (no cloak)
rCorr   .          Rampage  .   (no gloves)
Will    .....                   (no boots)
Stlth   ++........              (no amulet)
HPRegen 0.09/turn               (no ring)
MPRegen 0.12/turn               (no ring)

@: no status effects
A: sickness immunity, AC +4, negative energy resistance 1, electricity
resistance, torment resistance 1, petrification resistance
a: no special abilities


You were on level 3 of the Dungeon.
You visited 1 branch of the dungeon, and saw 3 of its levels.

You collected 125 gold pieces.

Inventory:

Hand Weapons
 b - a +0 whip
 c - a +0 short sword
 m - a +1 whip of venom
 o - a +3 hand axe (weapon)
Missiles
 d - 58 stones
Armour
 a - a +0 robe (worn)
 i - a +0 helmet (worn)
Scrolls
 e - 3 scrolls of teleportation {unknown}
 f - a scroll of fear {unknown}
 g - 2 scrolls of identify {unknown}
 h - 2 scrolls of fog {unknown}
 j - 2 scrolls of magic mapping {unknown}
 k - a scroll of blinking {unknown}
 n - 3 scrolls of acquirement {unknown}


   Skills:
 - Level 1.5 Dodging
 - Level 2.1 Stealth
 * Level 3.8 Spellcasting
 + Level 5.8 Conjurations


You had 8 spell levels left.
You knew the following spells:

 Your Spells              Type           Power      Damage    Failure   Level
a - Magic Dart            Conj           100%       1d8       1%          1
b - Searing Ray           Conj           56%        2d6       1%          2

Your spell library contained the following spells:

 Spells                   Type           Power      Damage    Failure   Level
 Dazzling Flash           Conj/Hex       32%        N/A       11%         3
 Fulminant Prism          Conj/Hex       8%         3d7       36%         4
 Iskenderun's Mystic Bla  Conj/Tloc      16%        2d5       36%         4


Dungeon Overview and Level Annotations

Branches:
Dungeon (3/15)

Altars:

Shops:
D:1 (([*[


Innate Abilities, Weirdness & Mutations

You are immune to sickness and miasma.
Your stone body is resilient. (AC +4)
You are immune to poison.
You resist negative energy. (rN+)
You are resistant to electric shocks. (rElec)
You are resistant to unholy torment.
You are immune to petrification.


Message History

Found a stone staircase leading down.
There is a stone staircase leading down here.
Found a ring mail.
You see here a +3 hand axe.
o - a +3 hand axe (weapon)
Things that are here:
a +0 club; a +0 club; a +0 leather armour A centaur comes into view.
The centaur shouts!
The centaur wields a +0 shortbow.
The centaur shoots an arrow.
The arrow hits you.
The centaur shoots an arrow.
The arrow hits you.
The centaur shoots an arrow.
The arrow closely misses you.
The centaur shoots an arrow.
The arrow hits you but does no damage.
The centaur shoots an arrow.
The arrow barely misses you.
The centaur shoots an arrow.
The arrow hits you!
It was a potion of curing.
You feel better.
The centaur shoots an arrow.
The arrow hits you.
Casting: Magic Dart (safe; 1% risk of failure)
Confirm with . or Enter, or press ? or * to list all spells.
Aiming: Searing Ray (safe; 1% risk of failure)
Press: ? - help, Shift-Dir - straight line, f - centaur
Aim: a centaur, wielding a +0 shortbow and quivering arrows (87% to hit)
The searing ray hits the centaur!
The centaur is heavily wounded. (Press . to maintain the ray.)
The centaur shoots an arrow.
The arrow hits you!
* * * LOW HITPOINT WARNING * * *
The searing ray hits the centaur.
The centaur is severely wounded.
The centaur shoots an arrow.
The arrow misses you.
The centaur shoots an arrow.
The arrow barely misses you.
The searing ray hits the centaur.
The centaur is severely wounded.
The centaur shoots an arrow.
The arrow hits you but does no damage.
The searing ray misses the centaur.
You finish channelling your searing ray.
The centaur shoots an arrow.
The arrow hits you.
* * * LOW HITPOINT WARNING * * *
The centaur shoots an arrow.
The arrow hits you.
You die...

#.<.##.#.............##
######.#..##.#...#[#...
###[#..##+#.###.....
#...........# ###...
#########.#.....# ##...
........c.#.....####....
.#####.#.#.....#.......
#.#.###.#.#..<....
#@#.###.#.#.......
#.......# #.......
............# #.......
#####.#####.# #.......
.... ....#....... ......
..........## ####.#
##.#### #.# #.# #c#


You could see a centaur.

Vanquished Creatures
  A jelly (D:2)
  6 adders
  2 dart slugs
  5 orcs (D:3)
  3 endoplasms
  3 giant cockroaches
  2 goblins (D:1)
  2 hobgoblins
  10 jackals
  2 quokkas (D:2)
  2 ball pythons (D:2)
  5 bats
  4 frilled lizards
  3 kobolds
  6 rats
56 creatures vanquished.

Notes
Turn   | Place    | Note
-------+----------+-------------------------------------------
     0 | D:1      | vilexy the Gargoyle Conjurer began the quest for the Orb.
     0 | D:1      | Reached XP level 1. HP: 10/10 MP: 3/3
   232 | D:1      | Found Esel's Antique Armour Shoppe.
   284 | D:1      | Found Waugumn's General Store.
   443 | D:1      | Reached XP level 2. HP: 15/15 MP: 3/5
   498 | D:1      | Found Pucvuim's Antique Weapon Shoppe.
   551 | D:1      | Found Xoapiqi's Antique Armour Boutique.
   900 | D:1      | Found Ofamorot's Weapon Shoppe.
  1163 | D:1      | Learned a level 2 spell: Searing Ray
  1277 | D:1      | Reached skill level 5 in Conjurations
  1277 | D:1      | Reached XP level 3. HP: 11/19 MP: 0/7
  1873 | D:2      | Reached XP level 4. HP: 24/24 MP: 5/8
  2190 | D:2      | Reached XP level 5. HP: 28/28 MP: 4/10
  2982 | D:3      | Noticed a centaur
  2998 | D:3      | Shot with an arrow by a centaur

Illustrated notes

Levels and vault maps discovered:
D:1:      lightli_arrival_statuegarden, layout_loops_cross, serial_shops,
          nicolae_shop_stone, nicolae_shop_trees, nicolae_shop_advertising_works
          [nicolae_subvault_shop_adworks], nicolae_shop_stone,
          nicolae_shop_stone, minmay_statues_item, nicolae_figureground_pulse
D:2:      layout_basic, minmay_cupped
D:3:      layout_basic, minmay_misc_feat_plants

Skill      XL: |  1  2  3 |
---------------+----------+-----
Conjurations   | 5 |  5.8
Spellcasting   | 3 |  3.8
Dodging        | |  1.5
Stealth        | |  2.1

Action                   |  1- 3 |  4- 6 || total
-------------------------+-------+-------++-------
Melee: Whip              |    12 |       ||    12
       Punch             |     1 |       ||     1
 Cast: Magic Dart        |    50 |    40 ||    90
       Searing Ray       |     9 |     7 ||    16
  Use: Potion            |       |     1 ||     1
Armor: Robe              |    17 |     4 ||    21
Dodge: Dodged            |    30 |     9 ||    39
